 Dungeon Crawl Stone Soup version 0.29.1-12-g30fa7ad0bf (webtiles) character file.

Game seed: 631687950493110096

688 Descartes the Shield-Bearer (level 7, -2/55 HPs)
             Began as a Formicid Fighter on Jan 2, 2023.
             Was an Initiate of Gozag.
             Slain by an ogre
             ... wielding a +0 giant club
              (15 damage)
             ... on level 5 of the Dungeon.
             The game lasted 00:09:37 (4679 turns).

Descartes the Shield-Bearer (Formicid Fighter)      Turns: 4679, Time: 00:09:38

Health: -2/55      AC: 13    Str: 20    XL:     7   Next: 94%
Magic:  7/7        EV:  5    Int: 10    God:    Gozag
Gold:   171        SH:  6    Dex: 15    Spells: 6/6 levels left

rFire   . . .      SeeInvis +   d - +5 scimitar of Risk Management {vorpal, Dex+2}
rCold   . . .      Faith    .   c - +0 buckler
rNeg    . . .      Spirit   .   s - +0 plate armour
rPois   .          Reflect  .   (helmet unavailable)
rElec   .          Harm     .   G - +0 cloak
rCorr   +          Rampage  .   (no gloves)
Will    .....                   (no boots)
Stlth   ..........              (no amulet)
HPRegen 0.18/turn               B - ring of resist corrosion
MPRegen 0.10/turn               (no ring)

@: no status effects
A: permanent stasis, dig shafts and tunnels, antennae 3, four strong arms
a: Dig, Shaft Self, Renounce Religion, Potion Petition, Call Merchant, Bribe
Branch


You were on level 5 of the Dungeon.
You worshipped Gozag.
Gozag was aware of your devotion.
You visited 2 branches of the dungeon, and saw 6 of its levels.

You collected 238 gold pieces.
You paid 67 gold pieces to Gozag.

Inventory:

Hand Weapons
 a - a +0 war axe
 b - a +0 vorpal flail
 d - the +5 scimitar of Risk Management (weapon) {vorpal, Dex+2}
   (You found it on level 3 of the Dungeon)

   It inflicts extra damage upon your enemies.
   Dex:       It affects your dexterity (+2).
 t - a +2 dagger of venom
 E - a +2 flail of draining
 H - a +1 dagger of speed
Missiles
 f - 24 poisoned darts
 j - 10 boomerangs
Armour
 c - a +0 buckler (worn)
 s - a +0 plate armour (worn)
 G - a +0 cloak (worn)
Jewellery
 B - a ring of resist corrosion (left hand)
Wands
 v - a wand of roots (6)
 w - a wand of polymorph (13)
Scrolls
 e - a scroll of immolation {unknown}
 g - 2 scrolls of identify {unknown}
 h - 6 scrolls of magic mapping {unknown}
 i - a scroll of fear {unknown}
 k - 3 scrolls of teleportation {unknown}
 m - 2 scrolls of blinking {unknown}
 p - 3 scrolls of fog {unknown}
 y - a scroll of vulnerability {unknown}
 C - 3 scrolls of noise {unknown}
 F - a scroll of silence {unknown}
Potions
 l - a potion of cancellation {unknown}
 n - 4 potions of heal wounds {unknown}
 o - 2 potions of curing {unknown}
 q - a potion of haste {unknown}
 r - a potion of resistance {unknown}
 u - 2 potions of mutation {unknown}
 x - a potion of might
 z - a potion of degeneration {unknown}
 A - a potion of berserk rage {unknown}
 D - a potion of lignification {unknown}


   Skills:
 + Level 4.5 Fighting
 + Level 1.5 Long Blades
 - Level 3.0 Axes
 + Level 4.5 Armour
 * Level 6.8 Shields
 * Level 2.7 Translocations
 - Level 1.3 Earth Magic
 + Level 2.9 Evocations


You had 6 spell levels left.
You didn't know any spells.
Your spell library contained the following spells:

 Spells                   Type           Power      Damage    Failure   Level
 Foxfire                  Conj/Fire      0%         2x1d4     100%        1
 Conjure Flame            Conj/Fire      0%         6-21      100%        3
 Inner Flame              Hex/Fire       0%         N/A       100%        3
 Lesser Beckoning         Tloc           5%         N/A       100%        3
 Flame Wave               Conj/Fire      0%         2d4       100%        4
 Manifold Assault         Tloc           5%         N/A       100%        5
 Blink                    Tloc           Unusable   N/A       N/A         2

Dungeon Overview and Level Annotations

Branches:
Dungeon (5/15)             Temple (1/1) D:5

Altars:
Ashenzari
Cheibriados
Dithmenos
Fedhas
Gozag
Kikubaaqudgha
Nemelex Xobeh
Qazlal
Ru
Sif Muna
Trog
Vehumet
The Shining One


Innate Abilities, Weirdness & Mutations

You cannot be hasted, slowed, berserked, paralysed or teleported.
You can dig through walls and to a lower floor.
You have a pair of large antennae on your head. (SInv)
Your four strong arms can wield two-handed weapons with a shield.


Message History

No target in view!
No target in view!
No target in view!
No target in view!
HP restored.
You now have 171 gold pieces (gained 5).
Found a long sword.
Found 7 stones.
You see here 7 stones.
There is a stone staircase leading down here.
There is an open door here.
o - 2 lumpy yellow potions (gained 1)
Found a stone staircase leading down.
You sense a monster nearby.
h - 6 scrolls labelled GENTELEESHRO (gained 1)
An ogre comes into view. It is wielding a +0 giant club.
The ogre shouts!
An ogre is nearby!
You hit the ogre.
The ogre is moderately wounded.
You block the ogre's attack.
You barely miss the ogre.
The ogre is moderately wounded.
The ogre hits you with a +0 giant club!!
You barely miss the ogre.
The ogre is moderately wounded.
The ogre hits you with a +0 giant club!!
* * * LOW HITPOINT WARNING * * *
You are too injured to fight recklessly!
You are too injured to fight recklessly!
You are too injured to fight recklessly!
You are too injured to fight recklessly!
You are too injured to fight recklessly!
You are too injured to fight recklessly!
You are too injured to fight recklessly!
You are too injured to fight recklessly!
The ogre attacks as you move away! You block the ogre's attack.
The ogre attacks as you move away! The ogre hits you with a +0 giant club!
You die...
Your body crumbles into a pile of gold.

..... #.......# .####
#.......##.. .# .#
#.......##.###.# .#
####.#####.#.#.# .#
#.....#.#.... .#
#########.###.#.#.#.#
.###...........#.#.#.#.#
...#.#######.#.#.#.#.#.#
................@O....>#
...#.#######'#.#...#.....#
...#.#####.........#######
...#.............#.#
#########.......##.# ....#
#.##.......# ....#
#.#.....#### .# ....#
#.'.....# #.# #####
###.#.....# #.#


You could see an ogre.

Vanquished Creatures
  Sigmund (D:2)
  Pargi (D:3)
  A phantom (D:5)
  2 scorpions
  A hound (D:4)
  An orc priest (D:5)
  Robin (D:3)
  5 adders
  An ufetubus (D:5)
  4 worms
  6 orcs
  10 ball pythons
  8 endoplasms
  7 giant cockroaches
  11 hobgoblins
  6 quokkas
  7 bats
  2 frilled lizards
  9 goblins
  13 kobolds
  7 rats
104 creatures vanquished.

Vanquished Creatures (others)
  2 fungi (D:2)
2 creatures vanquished.

Grand Total: 106 creatures vanquished

Notes
Turn   | Place    | Note
-------+----------+-------------------------------------------
     0 | D:1      | Descartes the Formicid Fighter began the quest for the Orb.
     0 | D:1      | Reached XP level 1. HP: 18/18 MP: 1/1
   115 | D:1      | Reached XP level 2. HP: 20/24 MP: 2/2
   439 | D:1      | Reached XP level 3. HP: 28/29 MP: 3/3
   486 | D:1      | Reached skill level 1 in Earth Magic
   889 | D:2      | Reached skill level 1 in Evocations
  1091 | D:2      | Reached XP level 4. HP: 24/35 MP: 4/4
  1454 | D:2      | Identified the +4 ring mail of Absence {Dex+7 Stlth+}
  1609 | D:2      | Found a faded altar of an unknown god.
  1695 | D:2      | Reached skill level 1 in Translocations
  1888 | D:3      | Noticed Sigmund
  1890 | D:3      | Reached skill level 5 in Shields
  1907 | D:2      | Killed Sigmund
  1908 | D:2      | Reached XP level 5. HP: 18/42 MP: 5/5
  1908 | D:2      | Reached XP level 6. HP: 20/48 MP: 6/6
  2196 | D:3      | Identified the +5 scimitar of Risk Management {vorpal,
                  | Dex+2}
  2333 | D:3      | Noticed Pargi
  2338 | D:3      | Killed Pargi
  2339 | D:3      | Reached skill level 6 in Shields
  2339 | D:3      | Reached XP level 7. HP: 46/54 MP: 7/7
  2447 | D:3      | Noticed Robin
  2479 | D:3      | Killed Robin
  2833 | D:3      | Reached skill level 1 in Long Blades
  3876 | D:5      | Entered Level 5 of the Dungeon
  4052 | D:5      | Found a staircase to the Ecumenical Temple.
  4062 | Temple   | Entered the Ecumenical Temple
  4090 | Temple   | Became a worshipper of Gozag Ym Sagoz the Greedy
  4679 | D:5      | Slain by an ogre

Illustrated notes

Levels and vault maps discovered:
D:1:      eino_arrival_cavern_c, layout_basic, minmay_fountain_box
D:2:      minmay_wonky_spiral, layout_rooms, shapermc_ecumenical_altar_acropolis
D:3:      layout_loops_ring, minmay_checkerbox, uniq_sigmund, uniq_robin,
          uniq_pargi
D:4:      layout_cave_pools, nrook_loot_triangle, minmay_misc_feat_doors
D:5:      layout_basic, minmay_temple_entry_mini_moons
Temple:   hellmonk_temple_forest_ring

Skill      XL: |  1  2  3  4  5  6  7 |
---------------+----------------------+-----
Earth Magic    | 1 |  1.3
Evocations     | 1 2 |  2.9
Translocations | 1 2 |  2.7
Shields        | 5 6 |  6.8
Fighting       | 4 |  4.5
Axes           | 3 |  3.0
Armour         | 4 |  4.5
Long Blades    | 1 |  1.5

Action                   |  1- 3 |  4- 6 |  7- 9 || total
-------------------------+-------+-------+-------++-------
Melee: War axe           |    96 |    79 |       ||   175
       Scimitar          |       |    10 |    87 ||    97
 Abil: Dig               |       |       |     1 ||     1
  Use: Potion            |       |     1 |       ||     1
Armor: Scale mail        |    45 |    28 |       ||    73
       Plate armour      |       |    18 |    66 ||    84
Dodge: Dodged            |    49 |    43 |    23 ||   115
Block: Buckler           |    27 |    22 |    28 ||    77
